 Dungeon Crawl Stone Soup version 0.31.0-9-g3a7656b989 (webtiles) character file.

Game seed: 9033948386209396149

84 qw the Shooter (level 4, -2/22 HPs)
             Began as a Spriggan Hunter on Feb 2, 2024.
             Slain by a gnoll
             ... wielding a +0 halberd
              (16 damage)
             ... on level 3 of the Dungeon.
             The game lasted 00:00:05 (1024 turns).

qw the Shooter (Spriggan Hunter)                    Turns: 1024, Time: 00:00:06

Health: -2/22      AC:  2    Str:  7    XL:     4   Next: 23%
Magic:  5/5        EV: 20    Int: 10    God:
Gold:   106        SH:  0    Dex: 20    Spells: 3/3 levels left

rFire   . . .        a - +1 shortbow (flame)
rCold   . . .        (shield currently unavailable)
rNeg    . . .        c - +0 robe
rPois   .            (helmet restricted)
rElec   .            (no cloak)
rCorr   .            (gloves unavailable)
SInv    +            (boots unavailable)
Will    .....        (no amulet)
Stlth   ++           (no ring)
HPRegen 0.23/turn    (no ring)
MPRegen 0.09/turn

%: no passive effects
@: very quick
A: very small, no large weapons, unfitting armour, see invisible, speed 3
a: no special abilities


You were on level 3 of the Dungeon.
You visited 1 branch of the dungeon, and saw 3 of its levels.

You collected 106 gold pieces.


Innate Abilities, Weirdness & Mutations

You are very small and have problems with some larger weapons.
You are too small for most types of armour.
You have supernaturally acute eyesight. (SInv)
You cover ground extremely quickly. (Speed+++)


   Skills:
 - Level 1.5 Fighting
 - Level 5.0 Ranged Weapons
 + Level 4.6 Dodging
 - Level 1.5 Stealth


You had 3 spell levels left.
You didn't know any spells.
Your spell library was empty.

Inventory:

Hand Weapons
 a - a +1 shortbow of flaming (weapon)
Armour
 c - a +0 robe (worn)
Scrolls
 g - 2 scrolls of teleportation
Potions
 b - a potion of lignification {unknown}
 d - a potion of heal wounds
 e - a potion of enlightenment
 f - a potion of curing {unknown}
 h - a potion of ambrosia {unknown}
 j - a potion of invisibility {unknown}
 l - a potion of brilliance {unknown}
 n - a potion of haste {unknown}

Dungeon Overview and Level Annotations

Branches:
Dungeon (3/15)

Altars:


Message History

Done exploring.
997 ||| DRINKING 2 bubbling black potions.
It was a potion of heal wounds.
You feel much better.
Done exploring.
What level of the Dungeon? (default 2, ? - help)
There is a stone staircase leading down here.
You climb downwards.
Found 13 gold pieces, a robe and a falchion.
There is a stone staircase leading up here.
A giant cockroach is nearby!
Waypoint 2 assigned to D:3.
You shoot an arrow. The arrow hits the giant cockroach!
The arrow burns the giant cockroach.
You kill the giant cockroach!
You now have 106 gold pieces (gained 13).
You see here a +0 robe. 4 gnolls come into view.
Found a faded altar of an unknown god.
The gnoll shouts! x2
The gnoll moves out of view.
The gnoll shouts!
You shoot an arrow. The arrow hits the gnoll!
The arrow burns the gnoll.
The gnoll is severely wounded.
The gnoll completely misses the fungus.
You shoot an arrow. The arrow barely misses the gnoll.
The gnoll closely misses you.
You shoot an arrow.
The arrow hits the gnoll but does no damage.
The gnoll closely misses you. The gnoll barely misses you.
The gnoll closely misses you.
You shoot an arrow. The arrow hits the gnoll.
The arrow burns the gnoll.
The gnoll is moderately wounded.
The gnoll misses you.
You shoot an arrow. The arrow hits the gnoll!
The arrow burns the gnoll.
You kill the gnoll!
The gnoll hits you from afar with a +0 halberd!
You shoot an arrow. The arrow hits the gnoll!
The arrow burns the gnoll.
You kill the gnoll!
The gnoll hits you from afar with a +0 halberd!
Ouch! That really hurt!
You die...

#...# ###..####
##.......##
#..<......##
#...........#
#...........#
#......#[P####
##..)..##...P##
##...#.#P##@P#
#########)###
.g. #..Pg
#P..~~ ##P...
###7_ ##


You could see 2 gnolls.

Vanquished Creatures
  An adder (D:2)
  2 gnolls (D:3)
  6 ball pythons
  6 bats
  4 endoplasms (D:1)
  2 giant cockroaches
  6 goblins
  8 hobgoblins (D:1)
  4 jackals (D:1)
  6 quokkas
  3 frilled lizards
  5 kobolds
  4 rats
57 creatures vanquished.

Notes
Turn   | Place    | Note
-------+----------+-------------------------------------------
     0 | D:1      | qw the Spriggan Hunter began the quest for the Orb.
     0 | D:1      | Reached XP level 1. HP: 10/10 MP: 2/2
     0 | D:1      | 0 ||| qw: Version: 0.3-a-155-g5e7d8dd
     0 | D:1      | 0 ||| qw: Game counter: 2470
     0 | D:1      | 0 ||| qw: Melee chars always use a shield: true
     0 | D:1      | 0 ||| qw: God list: Okawaru
     0 | D:1      | 0 ||| qw: Allow faded altars: false
     0 | D:1      | 0 ||| qw: Do Orc after clearing Dungeon:15 true
     0 | D:1      | 0 ||| qw: Do second Lair branch before Depths: true
     0 | D:1      | 0 ||| qw: Lair rune preference: random
     0 | D:1      | 0 ||| qw: Goals: Normal
     0 | D:1      | 0 ||| PLANNING D:1-11
    34 | D:1      | Reached skill level 3 in Dodging
   118 | D:1      | Reached XP level 2. HP: 14/14 MP: 3/3
   168 | D:1      | 168 ||| RETREEEEATING.
   245 | D:1      | Reached XP level 3. HP: 18/18 MP: 4/4
   500 | D:1      | 500 ||| READING scroll labelled LENACA JUUR.
   503 | D:1      | 503 ||| READING scroll labelled ZUOHOSCHOANK.
   504 | D:1      | 504 ||| READING scroll labelled DUCUER JAEHE.
   505 | D:1      | 505 ||| READING scroll labelled ALETOKK XAACU.
   506 | D:1      | 506 ||| READING scroll labelled FUL OSAETWEA.
   506 | D:1      | 506 ||| ENCHANTING +0 shortbow.
   507 | D:1      | 507 ||| READING scroll labelled ATWUSI NAJA.
   508 | D:1      | 508 ||| READING scroll labelled LAZEX URUDOUT.
   508 | D:1      | 508 ||| IDENTIFYING green potion
   509 | D:1      | 509 ||| DROPPING scroll of butterflies.
   537 | D:2      | 537 ||| STAIRDANCE
   543 | D:2      | 543 ||| STAIRDANCE
   561 | D:2      | 561 ||| STAIRDANCE
   568 | D:2      | 568 ||| STAIRDANCE
   579 | D:2      | Reached skill level 5 in Ranged Weapons
   777 | D:2      | Reached XP level 4. HP: 22/22 MP: 5/5
   996 | D:2      | 996 ||| READING scroll labelled KAUSEIC UWATH.
   996 | D:2      | 996 ||| BRANDING +1 shortbow.
   997 | D:2      | 997 ||| DRINKING 2 bubbling black potions.
  1018 | D:3      | Found a faded altar of an unknown god.
  1024 | D:3      | Slain by a gnoll

Levels and vault maps discovered:
D:1:      dpeg_arrival_short_road, layout_basic
D:2:      layout_rooms, minmay_misc_feat_doors, grunt_ministairs_8
D:3:      layout_rooms, mainiacjoe_overflow_brackets,
          dreamdust_ecumenical_altar_hidden_monk_grotto,
          kennysheep_pointless_box

Skill      XL: |  1  2  3 |
---------------+----------+-----
Dodging        | 3 4 |  4.6
Ranged Weapons | 5 |  5.0
Fighting       | |  1.5
Stealth        | |  1.5

Action                     |  1- 3 |  4- 6 || total
---------------------------+-------+-------++-------
   Fire: Shortbow          |   113 |    20 ||   133
    Use: Scroll            |     7 |     1 ||     8
         Potion            |       |     1 ||     1
 Armour: Robe              |    13 |     2 ||    15
  Dodge: Dodged            |    77 |    12 ||    89

Table legend:
 A = Non-vault XP
 B = Vault XP
 C = Vault XP percentage of total XP
 D = Non-vault monster count
 E = Vault monster count
 F = Vault count percentage of total count
                 A         B        C        D         E       F
            +---------+---------+-------+---------+---------+-------
      Total |     131 |       3 |   2.2 |      55 |       2 |   3.5
            +---------+---------+-------+---------+---------+-------
        D:1 |      68 |       0 |   0.0 |      37 |       0 |   0.0
        D:2 |      34 |       3 |   8.1 |      15 |       2 |  11.8
        D:3 |      29 |       0 |   0.0 |       3 |       0 |   0.0
            +---------+---------+-------+---------+---------+-------
